Map: Abyssal Reef LE

Players

Izanagi

  • Race: Protoss Protoss
  • Spawn Location: 11:00

Kuma - Winner!

  • Race: Terran Terran
  • Spawn Location: 5:00

VOD

Have the link to the VOD?

Description

Time

  • Played on: Sept. 11, 2025, 4:50 a.m.
  • Length: 14:41
Show
View Real Time Build Order
Export as new Build Order

Izanagi Protoss 

Build Orders:  

Get SALT Encoding   

  12  0:00  Probe  
  13  0:13  Probe  
  14  0:19  Pylon  
  14  0:25  Probe  
  15  0:38  Gateway  
  15  0:39  Probe  
  16  0:47  Assimilator  
  16  0:52  Probe  
  17  1:04  Probe  
  18  1:17  Probe, Forge  
  19  1:28  Cybernetics Core  
  19  1:30  Probe  
  20  1:39  Warp Gate  
  20  1:40  Pylon  
  20  1:49  Probe  
  21  2:06  Nexus  
  21  2:08  Stalker  
  23  2:18  Probe  
  24  2:31  Probe  
  24  2:33  Pylon  
  25  2:38  Assimilator, Protoss Ground Weapons Level 1  
  25  2:43  Probe  
  26  2:50  Stalker  
  26  2:55  Probe  
  29  3:22  Gateway  
  29  3:23  Probe  
  29  3:26  Gateway  
  30  3:33  Assimilator  
  30  3:35  Probe, Pylon  
  30  3:38  Assimilator  
  31  3:47  Stalker, Probe  
  34  3:55  Probe  
  35  4:03  Probe  
  35  4:04  Protoss Air Weapons Level 1  
  36  4:10  Stalker  
  38  4:18  Stalker  
  40  4:25  Stalker  
  42  4:31  Pylon  
  42  4:33  Probe  
  42  4:35  Probe  
  44  4:45  Probe  
  45  4:47  Probe  
  45  4:51  Twilight Council  
  46  5:00  Stalker x2  
  50  5:08  Protoss Ground Weapons Level 2  
  50  5:11  Stalker  
  52  5:22  Probe, Pylon  
  52  5:24  Probe  
  52  5:26  Blink  
  54  5:34  Probe  
  55  5:36  Probe  
  56  5:46  Probe  
  56  5:48  Stargate  
  57  5:50  Stargate  
  57  5:53  Probe  
  58  5:58  Probe  
  59  6:05  Probe  
  60  6:18  Nexus  
  60  6:22  Probe  
  61  6:34  Probe  
  61  6:39  Phoenix  
  68  6:41  Pylon  
  68  6:42  Void Ray  
  68  6:43  Pylon  
  68  6:55  Templar Archives  
  68  6:56  Probe  
  69  7:08  Probe  
  70  7:16  Photon Cannon x2  
  70  7:19  Photon Cannon  
  70  7:21  Photon Cannon  
  70  7:34  Psionic Storm  
  56  7:39  Stalker x3  
  56  7:41  Phoenix x2  
  55  7:59  Photon Cannon  
  55  8:00  Photon Cannon  
  55  8:03  Photon Cannon  
  55  8:04  Pylon  
  53  8:22  Oracle x2  
  53  8:34  Photon Cannon  
  53  8:36  Photon Cannon x2  
  53  8:38  Photon Cannon  
  53  8:40  High Templar  
  34  8:57  High Templar x2  
  38  9:09  Archon  
  46  9:10  Void Ray x2  
  36  9:48  Pylon  
  36  9:52  Pylon  
  34  10:03  Void Ray  
  38  10:11  Void Ray  
  42  10:18  Pylon  
  42  10:24  Pylon  
  42  10:43  Pylon  
  42  10:57  Nexus  
  42  11:26  Pylon  
  46  11:44  Void Ray  
  50  12:05  Void Ray  
  31  12:29  Stalker x2  
  23  12:41  Probe  
  22  12:53  Probe  
  17  13:00  Phoenix  
  20  13:05  Probe  
  4  13:44  Probe  
  5  13:52  Probe  
  5  14:01  Probe  
  7  14:12  Probe  
  8  14:20  Probe  
Show
View Real Time Build Order
Export as new Build Order

Kuma Terran - Winner!

Build Orders:  

Get SALT Encoding   

  12  0:01  SCV  
  13  0:14  SCV  
  14  0:22  Supply Depot  
  14  0:26  SCV  
  15  0:44  SCV  
  15  0:46  Barracks  
  16  0:56  SCV  
  17  1:01  Refinery  
  17  1:08  SCV  
  18  1:20  SCV  
  19  1:26  Refinery  
  19  1:32  SCV  
  20  1:40  Supply Depot  
  20  1:44  SCV  
  21  2:10  Command Center  
  21  2:12  Barracks Tech Lab  
  21  2:15  SCV  
  22  2:36  SCV  
  23  2:43  Factory  
  23  2:44  Marine  
  24  2:52  Barracks  
  24  2:56  Stimpack  
  24  3:02  Orbital Command, Marine  
  25  3:07  Engineering Bay  
  25  3:20  Marine  
  25  3:24  Supply Depot  
  25  3:25  Supply Depot  
  26  3:28  SCV  
  27  3:38  Marauder  
  27  3:39  Factory Tech Lab  
  29  3:45  Starport  
  29  3:52  Barracks Reactor  
  29  4:04  SCV x2  
  29  4:08  Refinery  
  31  4:16  SCV x2  
  33  4:19  Terran Infantry Weapons Level 1  
  33  4:21  Marine  
  34  4:27  Starport Reactor  
  34  4:28  SCV x2  
  36  4:36  Combat Shield  
  36  4:39  Marine  
  36  4:40  SCV  
  38  4:47  SCV  
  38  4:50  Marine x2  
  41  4:52  SCV  
  41  4:55  Siege Tank  
  41  4:57  Marine  
  41  4:59  SCV  
  47  5:08  Marine  
  47  5:09  Refinery  
  48  5:15  Marauder  
  48  5:17  Marine  
  48  5:19  Medivac  
  48  5:20  Medivac  
  55  5:25  Supply Depot  
  55  5:30  SCV x2  
  57  5:37  Marauder  
  57  5:41  Marine x2  
  57  5:42  SCV  
  62  5:46  SCV  
  63  5:53  Supply Depot  
  63  5:54  SCV  
  63  5:55  Supply Depot  
  64  5:58  Marine  
  64  5:59  Siege Tank, Marine x2  
  70  6:13  Supply Depot  
  70  6:15  SCV x2  
  72  6:27  SCV x2, Marine x3  
  77  6:34  Terran Infantry Armor Level 1  
  77  6:39  SCV x2  
  79  6:45  Marine x2  
  81  6:51  SCV x2  
  83  7:00  Barracks  
  76  8:03  Marine x3  
  75  8:21  Marine, Marauder  
  78  8:32  Marine  
  79  8:34  SCV x2  
  79  8:36  Siege Tank  
  79  8:37  Medivac x2  
  79  8:38  Marine  
  89  8:43  Marauder, Concussive Shells  
  89  8:46  SCV x2  
  93  8:50  Marine  
  94  9:04  Supply Depot  
  94  9:10  SCV, Marine  
  94  9:11  Marine  
  94  9:13  Marine  
  94  9:15  Medivac  
  93  9:17  Medivac  
  93  9:25  Siege Tank  
  93  9:28  Marauder  
  93  9:29  Marine  
  93  9:30  Marine  
  85  9:50  Marauder  
  87  9:58  Siege Tank  
  87  9:59  Marine x2  
  79  10:10  Marine  
  77  10:17  Marine x2  
  73  10:28  Marine  
  73  10:30  Barracks Reactor, Siege Tank  
  73  10:35  Marine x2  
  79  10:40  Barracks  
  79  10:46  Barracks  
  79  10:47  Marauder  
  81  10:53  Marine x2, Factory  
  81  10:56  Medivac x2  
  87  11:02  Siege Tank  
  90  11:08  Marauder  
  90  11:10  Marine  
  90  11:11  Marine  
  94  11:14  Armory  
  94  11:22  Marine x2  
  96  11:26  Viking x2  
  96  11:28  Marine x2, Command Center  
  102  11:35  Supply Depot x2  
  102  11:38  Supply Depot  
  102  11:39  Supply Depot  
  102  11:41  Barracks Reactor  
  102  11:43  Barracks Reactor  
  102  11:56  Siege Tank, Marine x5  
  110  12:14  Marine x4, Marauder  
  114  12:17  Marine  
  115  12:32  Marine x3  
  115  12:36  Marauder  
  115  12:57  Marauder  
  115  13:19  Marauder  
  114  14:22  Marine x5  
  114  14:23  Marine x3  
Tags
 
Add a new tag
Caveats
  • Supply blocks, unpowered buildings, or Contaminate may cause inaccurate times.
  • Supply counts are checked every 10 seconds.